 Dungeon Crawl Stone Soup version 0.31-a0-659-gc5a091b79a (webtiles) character file.

Game seed: 4957750551518240906

58 MacCMillion the Shield-Bearer (level 4, -2/38 HPs)
             Began as a Ghoul Fighter on Aug 31, 2023.
             Killed from afar by an orc wizard (4 damage)
             ... with a puff of flame
             ... on level 2 of the Dungeon.
             The game lasted 00:02:01 (990 turns).

MacCMillion the Shield-Bearer (Ghoul Fighter)        Turns: 990, Time: 00:02:02

Health: -2/38      AC:  6    Str: 21    XL:     4   Next: 2%
Magic:  3/3        EV:  9    Int:  3    God:
Gold:   112        SH:  4    Dex:  8    Spells: 3/3 levels left

rFire   . . .        a - +0 war axe
rCold   + . .        c - +0 buckler
rNeg    + + +        b - +0 scale mail
rPois   ∞            (no helmet)
rElec   .            (no cloak)
rCorr   .            (no gloves)
SInv    .            (no boots)
Will    .....        (no amulet) Stlth
                     (no ring)
HPRegen 0.00/turn    (no ring)
MPRegen 0.08/turn

%: no passive effects
@: inhibited regen
A: claws 1, cold resistance 1, negative energy resistance 3, inhibited
regeneration, torment resistance 2, devour on kill
a: no special abilities


You were on level 2 of the Dungeon.
You visited 1 branch of the dungeon, and saw 2 of its levels.

You collected 112 gold pieces.

Inventory:

Hand Weapons
 a - a +0 war axe (weapon)
Missiles
 g - 2 javelins
Armour
 b - a +0 scale mail (worn)
 c - a +0 buckler (worn)
Scrolls
 e - a scroll of fog {unknown}
 f - a scroll of torment {unknown}
Potions
 d - a potion of might
 h - a potion of lignification {unknown}


   Skills:
 - Level 3.2 Fighting
 + Level 2.9 Axes
 - Level 2.6 Armour
 + Level 3.6 Shields


You had 3 spell levels left.
You didn't know any spells.
Your spell library was empty.

Dungeon Overview and Level Annotations

Branches:
Dungeon (2/15)

Altars:


Innate Abilities, Weirdness & Mutations

You are immune to poison.
You have sharp fingernails.
Your flesh is cold resistant. (rC+)
You are immune to negative energy. (rN+++)
You do not regenerate when monsters are visible.
You are immune to unholy pain and torment.
You thrive by killing the living.


Message History

You hear some strange, mumbled words.
A puff of flame appears from out of thin air!
The puff of flame hits something.
You closely miss something. Something hits you but does no damage.
A magic dart appears from out of thin air!
The magic dart hits something!
Reactivating autopickup.
Something hits you.
Deactivating autopickup; reactivate with Ctrl-A.
Things that are here:
a +0 dagger; a +0 robe You slash something!
You block something's attack.
You closely miss something. Something hits you but does no damage.
Something hits you.
* * * LOW HITPOINT WARNING * * *
You closely miss something. Something hits you but does no damage.
You miss something. Something hits you but does no damage.
You barely miss something.
You hear some strange, mumbled words.
You are confused.
Something hits you.
* * * LOW HITPOINT WARNING * * *
You bump into the rock wall.
Something hits you but does no damage.
You miss something. Something hits you.
* * * LOW HITPOINT WARNING * * *
Something hits you.
* * * LOW HITPOINT WARNING * * *
You bump into the rock wall.
Something completely misses you.
You hit something.
You feel less confused. Something completely misses you.
Unknown command.
You barely miss something.
Something hits you but does no damage. x2
You miss something. Something hits you.
* * * LOW HITPOINT WARNING * * *
You miss something.
You hear some strange, mumbled words.
A puff of flame appears from out of thin air!
The puff of flame hits you.
You die...

##.#######.##.#.#
...........##.#.#
........#####.#.# ######
##.####.........###.....
###...........####
#.###...##### #.# #...#
#..######.###...#
#.rKgl{@........#
#..o######.####... .
#... ..## ...#### ##.#
.. ##. .


You could see an iguana, an orc, a hobgoblin, a kobold and a rat.

Vanquished Creatures
  An adder (D:2)
  A dart slug (D:2)
  2 orcs (D:2)
  5 ball pythons
  6 bats
  4 endoplasms (D:1)
  4 giant cockroaches
  2 goblins (D:1)
  4 hobgoblins
  6 frilled lizards (D:1)
  5 kobolds
  3 rats
43 creatures vanquished.

Vanquished Creatures (others)
  An orc wizard (D:2)
1 creature vanquished.

Grand Total: 44 creatures vanquished

Notes
Turn   | Place    | Note
-------+----------+-------------------------------------------
     0 | D:1      | MacCMillion the Ghoul Fighter began the quest for the Orb.
     0 | D:1      | Reached XP level 1. HP: 19/19 MP: 0/0
   120 | D:1      | Reached XP level 2. HP: 26/26 MP: 1/1
   313 | D:1      | Reached XP level 3. HP: 31/31 MP: 2/2
   959 | D:2      | Reached XP level 4. HP: 36/38 MP: 3/3
   990 | D:2      | Killed from afar by an orc wizard

Illustrated notes

Levels and vault maps discovered:
D:1:      saegor_arrival_fortress, layout_rooms
D:2:      layout_loops_ring, minmay_lizard_pond

Skill      XL: |  1 |
---------------+----+-----
Axes           | 2 |  2.9
Shields        | 3 |  3.6
Fighting       | |  3.2
Armour         | |  2.6

Action                     |  1- 3 |  4- 6 || total
---------------------------+-------+-------++-------
  Melee: War axe           |   129 |    23 ||   152
 Armour: Scale mail        |    89 |    32 ||   121
  Dodge: Dodged            |    76 |     2 ||    78
  Block: Buckler           |    24 |     1 ||    25

Table legend: (Time is in decaauts)
 A = Elapsed time spent in this place.
 B = Non-inter-level travel time spent in this place.
 C = Inter-level travel time spent in this place.
 D = Time resting spent in this place.
 E = Time spent auto-exploring this place.
 F = Levels seen in this place.
 G = Mean time per level.
                   A        B        C        D        E       F      G
               +--------+--------+--------+--------+--------+-----+--------+
         Total |   1051 |   1019 |     32 |     29 |    638 |   2 |  525.5 |
       Dungeon |   1051 |   1019 |     32 |     29 |    638 |   2 |  525.5 |
               +--------+--------+--------+--------+--------+-----+--------+

Top non-repeatable levels by time:
     D:1: 767 daAuts
     D:2: 283 daAuts
